 Dungeon Crawl Stone Soup version 0.22.0-25-g7663229 (webtiles) character file.

3667 iamserjio the Cleaver (level 10, -8/65 HPs)
             Began as a Gargoyle Berserker on Aug 20, 2018.
             Was an Elder of Trog.
             Killed from afar by a fire giant (43 damage)
             ... with a bolt of fire
             ... on level 9 of the Dungeon.
             The game lasted 00:19:10 (2462 turns).

iamserjio the Cleaver (Gargoyle Berserker)          Turns: 2462, Time: 00:19:11

Health: -8/65      AC: 20    Str: 21    XL:     10   Next: 12%
Magic:  10/10      EV: 23    Int:  9    God:    Trog [****..]
Gold:   235        SH:  0    Dex: 13    Spells: 9/9 levels left

rFire    . . .     SeeInvis .   C - +0 war axe
rCold    . . .     Gourm    .   (no shield)
rNeg     + . .     Faith    .   n - +0 chain mail
rPois    ∞         Spirit   .   (no helmet)
rElec    +         Reflect  .   f - +1 cloak
rCorr    .         Harm     .   (no gloves)
MR       .....                  (no boots)
Stlth    ..........             w - amulet of the acrobat
HPRegen  0.20/turn              q - +2 ring of dexterity
MPRegen  0.12/turn              J - ring of stealth

@: no status effects
A: negative energy resistance 1, electricity resistance, unbreathing,
petrification resistance, rot immunity, AC +7
a: Berserk, Trog's Hand, Brothers in Arms, Renounce Religion


You were on level 9 of the Dungeon.
You worshipped Trog.
Trog was greatly pleased with you.
You were not hungry.

You visited 1 branch of the dungeon, and saw 9 of its levels.
You also visited: Ossuary.

You collected 235 gold pieces.

Inventory:

Hand Weapons
 a - a +0 hand axe
 l - a +2 spear of piercing
 o - a +0 blowgun
 r - a cursed -2 mace
 C - a +0 war axe (weapon)
 G - a +2 whip of flaming
Missiles
 p - 19 poisoned needles
Armour
 b - a +0 animal skin
 f - a +1 cloak (worn)
 n - a +0 chain mail (worn)
 x - a +1 ring mail of fire resistance
 I - a +0 scale mail
Jewellery
 q - a +2 ring of dexterity (left hand)
 w - an amulet of the acrobat (around neck)
 J - a ring of stealth (right hand)
Wands
 h - a wand of iceblast (12)
 y - a wand of disintegration (13)
 F - a wand of digging (11)
Scrolls
 d - 5 scrolls of remove curse {@r2}
 e - a scroll of enchant armour
 g - 3 scrolls of amnesia
 k - a scroll of random uselessness
 m - 2 scrolls of teleportation {unknown}
 z - 2 scrolls of fog {unknown}
 B - a scroll of fear {unknown}
 D - a scroll of immolation {unknown}
 E - 2 scrolls of magic mapping {unknown}
 H - 2 scrolls of noise {unknown}
Potions
 i - 2 potions of curing {@q1}
 s - a potion of cancellation {unknown}
 t - a potion of magic
 u - 5 potions of brilliance
 v - 2 potions of agility
 A - 2 potions of flight
 K - a potion of resistance {unknown}
 L - a potion of invisibility {unknown}
Comestibles
 c - 8 rations
 M - 6 chunks of flesh


   Skills:
 + Level 8.5 Fighting
 * Level 9.7 Axes
 + Level 8.0 Armour
 - Level 1.5 Dodging


You had 9 spell levels left.
You didn't know any spells.
Your spell library contained the following spells:

 Spells                   Type           Power        Failure   Level  Hunger
 Confusing Touch          Hex            #.....       96%         1    ##.....
 Confuse                  Hex            #.......     100%        3    ####...
 Gell's Gravitas          Tloc           #.........   100%        3    ####...
 Petrify                  Tmut/Erth      #.......     100%        4    #####..
 Metabolic Englaciation   Hex/Ice        #.........   100%        5    ######.
 Yara's Violent Unravell  Hex/Tmut       #.........   100%        5    ######.


Dungeon Overview and Level Annotations

Branches:
Dungeon (9/15)             Temple (0/1) D:7            Lair (0/6) D:9
    Orc: D:9-12

Altars:
Dithmenos
Elyvilon
Qazlal

Shops:
D:5 }   D:7 :   D:8 :


Innate Abilities, Weirdness & Mutations

You are resistant to torment.
Your stone body is resilient. (AC +7)
You are immune to poison.
You resist negative energy. (rN+)
You are resistant to electric shocks. (rElec)
You can survive without breathing.
You are immune to petrification.
You are immune to rotting.


Message History

The hornet stings you but does no damage.
The hornet barely misses you. The hornet completely misses you.
The komodo dragon hisses menacingly.
You feel much better.
You recover from your berserk rage.
The quokka bites you but does no damage. x2
Eat one of 6 chunks of flesh? (ye/n/q)
You eat one of the 9 rations.
That ration really hit the spot!
The fire giant hits you with a great sword of flaming!
The fire giant burns you.
* * * LOW HITPOINT WARNING * * *
Okay, then.
An iguana comes into view.
The iguana hisses angrily.
A yak comes into view.
The fire giant casts a spell at you. The bolt of fire hits you!
Ouch! That really hurt!
You die...

##...## #y.Y#
##.r.#
##..#.##
##.T##..##
#.....r..#
#...###C###.#
#....#.....#.#
..... #@###.#
# ##.##
#..[l.# ##
#.###Y# #..
###


You could see a fire giant, a yak (wandering), an iguana and a quokka.

Vanquished Creatures
  Pikel (D:7)
  The ghost of TAS2012 the Chopper, a novice GnCK of Xom (D:5)
  Psyche (D:9)
  A slime creature (D:9)
  A sky beast (D:9)
  4 slaves (D:7)
  3 orc warriors
  3 ogres
  2 ice beasts
  2 centaurs (D:6)
  2 bullfrogs
  2 water moccasin zombies (Ossuary)
  A scorpion (D:5)
  3 crimson imps
  2 quasits
  2 orc priests
  A bullfrog skeleton (D:9)
  2 hounds (D:7)
  A jelly (D:5)
  6 orc wizards
  Jessica (D:2)
  8 worker ants
  5 big kobold zombies (Ossuary)
  A hound skeleton (D:4)
  2 mummies (Ossuary)
  7 adders
  A howler monkey skeleton (D:9)
  3 adder zombies (Ossuary)
  An adder skeleton (D:5)
  A worm (D:2)
  3 leopard geckos
  20 orcs
  2 bats (D:3)
  2 giant cockroaches
  2 goblins
  3 hobgoblins
  8 jackals
  2 kobolds (D:3)
  4 quokkas
  5 gnoll zombies (Ossuary)
  8 hobgoblin zombies (Ossuary)
  5 kobold zombies (Ossuary)
  A leopard gecko skeleton (D:5)
  A leopard gecko zombie (D:5)
  7 orc zombies (Ossuary)
  A quokka skeleton (D:5)
  A rat (D:2)
146 creatures vanquished.

Vanquished Creatures (others)
  A bush (D:9)
1 creature vanquished.

Grand Total: 147 creatures vanquished

Notes
Turn   | Place    | Note
-------+----------+-------------------------------------------
     0 | D:1      | iamserjio the Gargoyle Berserker began the quest for the Orb.
     0 | D:1      | Reached XP level 1. HP: 14/14 MP: 1/1
    57 | D:2      | Noticed Jessica
    66 | D:2      | Killed Jessica
    66 | D:2      | Reached skill level 3 in Axes
    66 | D:2      | Reached XP level 2. HP: 20/20 MP: 2/2
    66 | D:2      | Reached XP level 3. HP: 24/24 MP: 3/3
   146 | D:2      | Found a shadowy altar of Dithmenos.
   323 | D:3      | Noticed an earth elemental
   324 | D:3      | Found a stormy altar of Qazlal.
   331 | D:3      | Noticed an air elemental
   332 | D:3      | Noticed a fire elemental
   332 | D:3      | Noticed a water elemental
   390 | D:3      | Reached XP level 4. HP: 29/29 MP: 4/4
   478 | D:4      | Reached ** piety under Trog
   540 | D:4      | Found a white marble altar of Elyvilon.
   557 | D:4      | Reached skill level 4 in Axes
   557 | D:4      | Reached XP level 5. HP: 21/33 MP: 5/5
   700 | D:5      | Entered Level 5 of the Dungeon
   743 | D:5      | Noticed an ice beast
   750 | D:5      | Killed an ice beast
   750 | D:5      | Reached XP level 6. HP: 38/39 MP: 6/6
   820 | D:5      | Found a transporter.
   820 | D:5      | Noticed TAS2012's ghost (novice GnCK)
   868 | D:5      | Killed TAS2012's ghost
   868 | D:5      | Reached skill level 5 in Fighting
   868 | D:5      | Reached skill level 6 in Axes
   868 | D:5      | Reached skill level 5 in Armour
   868 | D:5      | Reached XP level 7. HP: 33/44 MP: 7/7
   871 | D:5      | Found a transporter.
   914 | D:5      | Found Aseacs's Gadget Boutique.
   995 | D:5      | Reached XP level 8. HP: 51/51 MP: 8/8
  1201 | D:6      | Reached skill level 7 in Axes
  1206 | D:6      | Reached *** piety under Trog
  1548 | D:7      | Found a staircase to the Ecumenical Temple.
  1656 | D:7      | Reached XP level 9. HP: 18/57 MP: 9/9
  1755 | D:7      | Found Heschogism's Book Boutique.
  1757 | D:7      | Noticed Pikel
  1764 | D:7      | Reached skill level 8 in Axes
  1771 | D:7      | Killed Pikel
  1885 | D:8      | Found a sand-covered staircase.
  1894 | Ossuary  | Entered an ossuary
  1966 | Ossuary  | Reached **** piety under Trog
  2168 | D:8      | Found Fiyrhes's Book Emporium.
  2209 | D:7      | Reached skill level 9 in Axes
  2218 | D:9      | Noticed Psyche
  2224 | D:9      | Paralysed by Psyche for 5 turns
  2233 | D:9      | Killed Psyche
  2279 | D:9      | Reached XP level 10. HP: 64/64 MP: 10/10
  2372 | D:9      | Found a staircase to the Lair.
  2425 | D:9      | Noticed a fire giant
  2462 | D:9      | Killed from afar by a fire giant

Skill      XL: |  1  2  3  4  5  6  7  8  9 10 |
---------------+-------------------------------+-----
Axes           | 3 4 6 7 9 |  9.7
Armour         | 3 5 6 7 8 |  8.0
Fighting       | 4 5 7 8 |  8.5
Dodging        | |  1.5

Action                   |  1- 3 |  4- 6 |  7- 9 | 10-12 || total
-------------------------+-------+-------+-------+-------++-------
Melee: Hand axe          |    27 |   151 |   266 |       ||   444
       Spear             |    33 |       |       |       ||    33
       War axe           |       |       |   164 |    27 ||   191
       Whip              |       |       |    29 |       ||    29
Invok: Berserk           |     2 |     2 |     6 |     1 ||    11
       Trog's Hand       |       |     1 |     3 |     2 ||     6
Evoke: Wand              |       |       |     4 |     2 ||     6
  Use: Scroll            |       |       |     8 |     3 ||    11
       Potion            |       |       |       |     1 ||     1
 Stab: Sleeping          |     1 |       |       |       ||     1
  Eat: Chunk             |       |     3 |     9 |     1 ||    13
       Ration            |       |       |     1 |     1 ||     2
Armor: Animal skin       |     3 |       |       |       ||     3
       Chain mail        |    28 |   102 |   374 |    50 ||   554
Dodge: Dodged            |    32 |    60 |   239 |    37 ||   368
